 Dungeon Crawl Stone Soup version 0.27-a0-553-ge0ab5a2769 (webtiles) character file.

Game seed: 4134330758165578560

2127 Froggeryz the Martial Artist (level 9, -2/58 HPs)
             Began as an Octopode Transmuter on Mar 8, 2021.
             Was an Initiate of Gozag.
             Slain by a wraith (9 damage)
             ... on level 7 of the Dungeon.
             The game lasted 00:12:12 (9256 turns).

Froggeryz the Martial Artist (Octopode Transmuter)  Turns: 9256, Time: 00:12:13

Health: -2/58      AC:  1    Str: 12    XL:     9   Next: 29%
Magic:  12/12      EV: 13    Int: 16    God:    Gozag
Gold:   384        SH:  0    Dex: 12    Spells: 11/12 levels left

rFire    . . .     SeeInvis .     - Unarmed
rCold    . . .     Faith    .   (no shield)
rNeg     . . .     Spirit   .   (helmet restricted)
rPois    .         Reflect  .   r - amulet of magic regeneration
rElec    .         Harm     .   (no ring)
rCorr    .         Rampage  .   (no ring)
Will     .....                  (no ring)
Stlth    ++........             (no ring)
HPRegen  0.19/turn              (no ring)
MPRegen  0.38/turn              (no ring)
                                (no ring)
                                (no ring)

@: slowed, very slow
A: almost no armour, amphibious, 8 rings, constrict 8, camouflage 1, gelatinous
body 1, nimble swimmer 1
a: Renounce Religion, Potion Petition, Call Merchant, Bribe Branch


You were on level 7 of the Dungeon.
You worshipped Gozag.
Gozag was aware of your devotion.
You visited 2 branches of the dungeon, and saw 8 of its levels.

You collected 657 gold pieces.
You spent 189 gold pieces at shops.
You paid 84 gold pieces to Gozag.

Inventory:

Missiles
 b - 31 poisoned darts (quivered)
 s - 7 silver javelins
Armour
 n - a +1 buckler
Jewellery
 a - an amulet of guardian spirit
 r - an amulet of magic regeneration (around mantle)
Wands
 m - a wand of charming (11)
 t - a wand of digging (3)
 y - a wand of random effects (19)
Scrolls
 c - 7 scrolls of identify
 i - 3 scrolls of amnesia
 l - 2 scrolls of teleportation
 o - a scroll of blinking
 x - a scroll of enchant weapon
 z - 2 scrolls of fear {unknown}
 A - a scroll of torment {unknown}
Potions
 d - 3 potions of haste
 e - 3 potions of attraction
 f - 3 potions of curing
 g - a potion of lignification {unknown}
 h - a potion of invisibility
 j - a potion of magic
 k - a potion of degeneration {unknown}
 p - a potion of heal wounds
 q - a potion of might {unknown}
 u - a potion of berserk rage {unknown}
 v - a potion of resistance
 w - 2 potions of mutation {unknown}


   Skills:
 - Level 4.1 Fighting
 - Level 2.0 Dodging
 + Level 5.3 Shields
 * Level 10.2 Unarmed Combat
 - Level 2.0 Spellcasting
 - Level 2.0 Transmutations


You had 11 spell levels left.
You knew the following spells:

 Your Spells              Type           Power      Damage    Failure   Level
a - Beastly Appendage     Tmut           16%        N/A       9%          1

Your spell library contained the following spells:

 Spells                   Type           Power      Damage    Failure   Level
 Wereblood                Tmut           8%         N/A       14%         2
 Corona                   Hex            1%         N/A       21%         1
 Ensorcelled Hibernation  Hex/Ice        2%         N/A       30%         2
 Spider Form              Tmut/Pois      2%         N/A       38%         3
 Confusing Touch          Hex            1%         N/A       52%         3
 Dazzling Flash           Conj/Hex       2%         N/A       52%         3
 Tukima's Dance           Hex            1%         N/A       52%         3
 Ice Form                 Ice/Tmut       4%         N/A       80%         4
 Blade Hands              Tmut           4%         N/A       94%         5


Dungeon Overview and Level Annotations

Branches:
Dungeon (7/15)             Temple (1/1) D:4

Altars:
Ashenzari
Cheibriados
Dithmenos
Elyvilon
Fedhas
Gozag
Hepliaklqana
Makhleb
Nemelex Xobeh
Okawaru
Qazlal
Ru
Sif Muna
Trog
Uskayaw
Vehumet
Xom
Yredelemnul
Zin
The Shining One

Shops:
D:4 *(*?!


Innate Abilities, Weirdness & Mutations

You cannot wear most types of armour.
You are amphibious.
You can wear up to eight rings at the same time.
You can use your tentacles to constrict eight enemies at once.
Your skin changes colour to match your surroundings (Stealth+).
Your rubbery body absorbs attacks. (AC +1, EV +1)
You are stealthy while swimming. (Stealth+)


Message History

The wraith hits you!
You closely miss the wraith.
The wraith is moderately damaged.
The wraith misses you.
You tentacle-slap the wraith.
The wraith is moderately damaged.
The wraith hits you. The wraith drains your vigour!
You feel yourself slow down.
You tentacle-slap the wraith but do no damage.
The wraith is moderately damaged.
The wraith closely misses you.
You tentacle-slap the wraith but do no damage.
The wraith is moderately damaged.
The wraith hits you.
You tentacle-slap the wraith but do no damage.
The wraith is moderately damaged.
The wraith closely misses you. The wraith misses you.
You tentacle-slap the wraith but do no damage.
The wraith is moderately damaged.
The wraith hits you. The wraith drains your vigour!
You feel as though you will be slow longer.
You barely miss the wraith.
The wraith is moderately damaged.
The wraith hits you.
You tentacle-slap the wraith. Your squeeze misses the wraith.
The wraith is heavily damaged.
The wraith hits you. The wraith drains your vigour!
You feel as though you will be slow longer.
You tentacle-slap the wraith.
The wraith is heavily damaged.
The wraith closely misses you.
You barely miss the wraith.
The wraith is heavily damaged.
The wraith hits you!
* * * LOW HITPOINT WARNING * * *
The wraith drains your vigour!
You feel as though you will be slow longer.
The wraith hits you!
You die...
Your body crumbles into a pile of gold.

# # ##########
..##..... #.##.#.#
#.#.####### .......#
#.....W@..#
#.##...###.#.#####.#
#.#..........# #.#
..##...###### #.#
#####.## ####.###
#.# #......# ##.#
#.# #.##.#.# # ...#
##'## ###.##.#.#
#.##..# ##...##
##.#.##.#.# #.##..#


You could see a wraith.

Vanquished Creatures
  Pikel (D:6)
  Sigmund (D:6)
  An ice beast (D:7)
  A necrophage (D:7)
  3 ogres
  A phantom (D:7)
  A bullfrog (D:7)
  7 wights
  An electric eel (D:6)
  A howler monkey (D:4)
  A hound (D:7)
  A centaur skeleton (D:4)
  3 orc priests
  A bullfrog skeleton (D:7)
  Terence (D:3)
  An iguana (D:5)
  An orc wizard (D:5)
  A worker ant (D:7)
  Robin (D:3)
  A howler monkey skeleton (D:6)
  3 gnolls
  11 adders
  A shadow imp (D:6)
  A white imp (D:6)
  3 oozes
  An adder skeleton (D:7)
  7 worms
  5 dart slugs
  4 leopard geckos
  15 orcs
  2 ball pythons (D:3)
  3 giant cockroaches
  17 goblins
  5 hobgoblins
  6 jackals
  3 quokkas
  7 bats (D:3)
  17 frilled lizards
  6 kobolds
  A leopard gecko skeleton (D:4)
  2 quokka skeletons
  8 rats
158 creatures vanquished.

Vanquished Creatures (others)
  2 wights (D:6)
2 creatures vanquished.

Grand Total: 160 creatures vanquished

Notes
Turn   | Place    | Note
-------+----------+-------------------------------------------
     0 | D:1      | Froggeryz the Octopode Transmuter began the quest for the
                  | Orb.
     0 | D:1      | Reached XP level 1. HP: 13/13 MP: 3/3
   309 | D:1      | Reached XP level 2. HP: 14/18 MP: 3/5
   876 | D:1      | Reached XP level 3. HP: 24/24 MP: 4/6
  1082 | D:1      | Reached skill level 4 in Unarmed Combat
  1229 | D:2      | Found a faded altar of an unknown god.
  1242 | D:2      | Became a worshipper of Uskayaw the Reveller
  1242 | D:2      | Reached * piety under Uskayaw
  1301 | D:2      | Found a sparkling altar of Nemelex Xobeh.
  1335 | D:2      | Reached ** piety under Uskayaw
  1552 | D:2      | Reached XP level 4. HP: 12/29 MP: 3/7
  1817 | D:2      | Found a white marble altar of Elyvilon.
  1924 | D:2      | Found a stormy altar of Qazlal.
  2678 | D:3      | Reached XP level 5. HP: 35/35 MP: 8/8
  2785 | D:3      | Reached skill level 5 in Unarmed Combat
  3343 | D:3      | Noticed Terence
  3360 | D:3      | Killed Terence
  3428 | D:3      | Noticed Robin
  3435 | D:3      | Killed Robin
  3443 | D:3      | Reached *** piety under Uskayaw
  3548 | D:3      | Reached XP level 6. HP: 38/42 MP: 9/9
  3936 | D:3      | Found a radiant altar of Vehumet.
  4276 | D:3      | HP: 1/42 [gnoll/+0 whip (7)]
  4598 | D:4      | Found Xynek's Assorted Antiques.
  4602 | D:4      | Bought a large diamond amulet for 110 gold pieces
  4602 | D:4      | Bought a scroll labelled EFIECR KOOMN for 22 gold pieces
  4602 | D:4      | Bought a golden potion for 19 gold pieces
  4602 | D:4      | Bought a bubbling sapphire potion for 19 gold pieces
  4602 | D:4      | Bought a fuming emerald potion for 19 gold pieces
  4672 | D:4      | Reached skill level 6 in Unarmed Combat
  4837 | D:4      | Found a staircase to the Ecumenical Temple.
  5034 | D:4      | Found Fabreijur's Distillery.
  5091 | D:4      | Found Teggekemm's Magic Scroll Shoppe.
  5261 | Temple   | Entered the Ecumenical Temple
  5611 | D:4      | Found Ukekh's Weapon Shop.
  5632 | D:4      | Found Qangisud's General Store.
  5756 | D:4      | Reached XP level 7. HP: 28/48 MP: 6/10
  6006 | D:5      | Entered Level 5 of the Dungeon
  6744 | D:5      | Reached skill level 1 in Shields
  6833 | Temple   | Fell from the grace of Uskayaw
  6833 | Temple   | Became a worshipper of Gozag Ym Sagoz the Greedy
  6906 | D:5      | Reached skill level 7 in Unarmed Combat
  7127 | D:5      | Found a burning altar of Makhleb.
  7127 | D:5      | Noticed a balrug
  7310 | D:6      | Noticed Sigmund
  7315 | D:6      | Killed Sigmund
  7316 | D:6      | Reached XP level 8. HP: 54/54 MP: 11/11
  7380 | D:6      | Reached skill level 8 in Unarmed Combat
  7469 | D:6      | Noticed Pikel
  7663 | D:6      | Killed Pikel
  7664 | D:6      | Reached skill level 9 in Unarmed Combat
  7664 | D:6      | Reached XP level 9. HP: 26/58 MP: 12/12
  8835 | D:7      | Reached skill level 5 in Shields
  8835 | D:7      | Reached skill level 10 in Unarmed Combat
  8965 | D:7      | Found a blossoming altar of Fedhas.
  9256 | D:7      | Slain by a wraith

Illustrated notes

Levels and vault maps discovered:
D:1:      dpeg_arrival_ratfight, layout_basic, minmay_lizard_pond
D:2:      layout_loops_cross, nicolae_overflow_hidden_temple,
          nemelex_xobeh_ov_fountains_minmay, chequers_ecumenical_altar_simple,
          minmay_misc_feat_hallway, dk_vineyard_1
D:3:      layout_loops_ring, marbit_many_paths, uniq_robin, uniq_terence
D:4:      layout_cave_pods, temple_green, serial_shops, shop_fountains,
          nicolae_shop_window_shopping, shop_fountains, nicolae_shop_trees,
          nicolae_shop_behind_doors, minmay_hedge_maze
D:5:      layout_rooms, makhleb_altar_promises_db
D:6:      layout_basic, nicolae_water_bricks, uniq_pikel, uniq_sigmund
D:7:      layout_loops_corners, kennysheep_mini_moat
Temple:   regret_index_temple_generic_petals

Skill      XL: |  1  2  3  4  5  6  7  8  9 |
---------------+----------------------------+-----
Fighting       | 2 3 4 |  4.1
Unarmed Combat | 4 5 6 7 9 10 | 10.2
Shields        | 2 4 5 |  5.3
Dodging        | |  2.0
Spellcasting   | |  2.0
Transmutations | |  2.0

Action                   |  1- 3 |  4- 6 |  7- 9 || total
-------------------------+-------+-------+-------++-------
Melee: Unarmed           |    92 |   169 |   153 ||   414
       Constrict         |    22 |    45 |    35 ||   102
       Kick              |     4 |     5 |    14 ||    23
       Punch             |     1 |     6 |     9 ||    16
       Tentacles         |     8 |    32 |    27 ||    67
Throw: Dart              |     6 |     2 |    11 ||    19
 Cast: Beastly Appendage |     5 |     3 |     8 ||    16
Invok: Stomp             |     1 |     4 |       ||     5
Evoke: Wand              |       |       |     2 ||     2
  Use: Scroll            |       |    14 |     1 ||    15
       Potion            |       |       |     4 ||     4
 Stab: Sleeping          |     5 |    10 |     4 ||    19
Armor: Skin              |     1 |    10 |     3 ||    14
Dodge: Dodged            |    39 |    67 |    67 ||   173

Table legend: (Time is in decaauts)
 A = Elapsed time spent in this place.
 B = Non-inter-level travel time spent in this place.
 C = Inter-level travel time spent in this place.
 D = Time resting spent in this place.
 E = Time spent auto-exploring this place.
 F = Levels seen in this place.
 G = Mean time per level.
                   A        B        C        D        E       F      G
               +--------+--------+--------+--------+--------+-----+--------+
         Total |   9221 |   8565 |    656 |   1851 |   5488 |   8 | 1152.6 |
       Dungeon |   8864 |   8348 |    516 |   1851 |   5292 |   7 | 1266.3 |
        Temple |    357 |    217 |    140 |      0 |    196 |   1 |  357.0 |
               +--------+--------+--------+--------+--------+-----+--------+

Top non-repeatable levels by time:
     D:3: 2013 daAuts
     D:2: 1373 daAuts
     D:6: 1323 daAuts
     D:4: 1256 daAuts
     D:1: 1214 daAuts
     D:5: 1018 daAuts
     D:7: 665 daAuts
  Temple: 357 daAuts
